 Dungeon Crawl Stone Soup version 0.22.1-1-ga44c0e56f4 (webtiles) character file.

1009 Gargoyl the Skirmisher (level 8, -12/67 HPs)
             Began as a Centaur Abyssal Knight on Nov 8, 2018.
             Was a Believer of Lugonu.
             Mangled by an ogre
             ... wielding a +0 giant club
              (23 damage)
             ... on level 6 of the Dungeon.
             The game lasted 00:09:11 (6281 turns).

Gargoyl the Skirmisher (Centaur Abyssal Knight)     Turns: 6281, Time: 00:09:12

Health: -12/67     AC:  9    Str: 16    XL:     8   Next: 1%
Magic:  11/11      EV:  8    Int: 11    God:    Lugonu [**....]
Gold:   368        SH:  0    Dex: 10    Spells: 7/7 levels left

rFire    . . .     SeeInvis .   t - +4 war axe (curse)
rCold    + . .     Gourm    .   (no shield)
rNeg     . . .     Faith    .   n - +3 ring mail {rC+}
rPois    .         Spirit   .   (no helmet)
rElec    .         Reflect  .   (no cloak)
rCorr    .         Harm     .   (no gloves)
MR       .....                  (no barding)
Stlth    ..........             (no amulet)
HPRegen  0.21/turn              (no ring)
MPRegen  0.12/turn              (no ring)

@: confused, drained, very quick
A: large, hooves 3, deformed body, speed 2, tough skin 3
a: Depart the Abyss, Bend Space, Renounce Religion


You were on level 6 of the Dungeon.
You worshipped Lugonu.
Lugonu was pleased with you.
You were near starving.

You visited 1 branch of the dungeon, and saw 6 of its levels.
You visited the Abyss 1 time.
You also visited: Ossuary.

You collected 368 gold pieces.

Inventory:

Hand Weapons
 a - a +1 hand axe
 k - a +3 whip of venom
 t - a cursed +4 war axe (weapon)
Armour
 e - a +1 pair of gloves
 n - a +3 ring mail of cold resistance (worn)
Scrolls
 f - 5 scrolls of identify
 g - 2 scrolls of immolation {unknown}
 h - a scroll of teleportation
 j - 5 scrolls of remove curse
 q - a scroll of fog {unknown}
 v - a scroll of noise {unknown}
Potions
 b - a potion of resistance
 d - 2 potions of curing
 i - a potion of ambrosia
 l - 2 potions of heal wounds {unknown}
 m - 3 potions of flight {unknown}
 o - 5 potions of haste {unknown}
 p - 2 potions of invisibility
 r - a potion of magic {unknown}
 s - 2 potions of degeneration {unknown}
 u - a potion of cancellation {unknown}
Comestibles
 c - 6 rations


   Skills:
 + Level 4.8(4.6) Fighting
 + Level 4.2 Axes
 + Level 2.1(3.2) Maces & Flails
 * Level 4.2(3.9) Armour
 + Level 1.4(1.1) Dodging
 * Level 4.4(4.1) Invocations


You had 7 spell levels left.
You didn't know any spells.
Your spell library was empty.

Dungeon Overview and Level Annotations

Branches:
Dungeon (6/15)             Temple (0/1) D:5

Altars:
Gozag
Hepliaklqana
Nemelex Xobeh
Okawaru
Vehumet
The Shining One

Shops:
D:5 *


Innate Abilities, Weirdness & Mutations

You have hooves in place of feet.
Armour fits poorly on your strangely shaped body.
You cover ground very quickly.
You have extremely tough skin. (AC +3)


Message History

The ogre hits you with a giant club!
* * * LOW HITPOINT WARNING * * *
An adder comes into view.
The adder hisses angrily.
Firing (i - inventory) No suitable missiles.
Press: ? - help, Shift-Dir - straight line, f - ogre
Aim: an ogre, wielding a giant club (almost dead)
Okay, then.
It was a potion of ambrosia.
You are confused.
You feel invigorated.
You bump into the stone wall.
You are near starving!
The adder barely misses you. The ogre hits you with a giant club!
* * * LOW HITPOINT WARNING * * *
The adder bites you but does no damage.
Unknown command.
You bump into the stone wall.
The adder bites you but does no damage. The ogre hits you with a giant club!!
You die...

... #........
...#####........
#.............
+....<......o.
#.............
#.............
#+#.....######..
.......O# #
.......@#
.......S#
........#
........#
........#
........#
#########


You could see an ogre and an adder.

Vanquished Creatures
  Menkaure (Ossuary)
  A water moccasin (D:4)
  An ice beast (D:5)
  A phantom (D:4)
  2 ogres
  5 wights (D:4)
  An orc priest (D:5)
  2 orc wizards
  Natasha (twice) (D:3)
  2 worker ants (D:5)
  2 mummies (Ossuary)
  5 gnolls
  5 adders
  3 worms
  A leopard gecko (D:1)
  4 orcs
  3 giant cockroaches
  4 gnoll zombies (Ossuary)
  7 goblins
  5 hobgoblins
  A quokka (D:5)
  A ball python skeleton (D:4)
  4 bats
  2 frilled lizards
  4 gnoll skeletons (Ossuary)
  2 goblin skeletons (Ossuary)
  2 goblin zombies (Ossuary)
  2 hobgoblin skeletons (Ossuary)
  A hobgoblin zombie (Ossuary)
  8 kobolds
  3 kobold skeletons (Ossuary)
  2 kobold zombies (Ossuary)
  An orc zombie (Ossuary)
  3 rats
  2 rat skeletons (Ossuary)
  3 rat zombies (Ossuary)
98 creatures vanquished.

Vanquished Creatures (others)
  A mummy (Ossuary)
  2 gnoll zombies (Ossuary)
  A bat (D:3)
  2 gnoll skeletons (Ossuary)
  2 goblin zombies (Ossuary)
  3 hobgoblin skeletons (Ossuary)
  A hobgoblin zombie (Ossuary)
  A kobold skeleton (Ossuary)
  3 kobold zombies (Ossuary)
  5 orc skeletons (Ossuary)
  An orc zombie (Ossuary)
  A rat skeleton (Ossuary)
  3 rat zombies (Ossuary)
26 creatures vanquished.

Grand Total: 124 creatures vanquished

Notes
Turn   | Place    | Note
-------+----------+-------------------------------------------
     0 | Abyss:1  | Gargoyl the Centaur Abyssal Knight began the quest for the
                  | Orb.
     0 | Abyss:1  | Reached XP level 1. HP: 19/19 MP: 2/2
    84 | Abyss:2  | Noticed a large abomination
    91 | Abyss:2  | Noticed a hungry ghost
   101 | Abyss:2  | Noticed a rakshasa
   120 | Abyss:2  | Noticed a kobold demonologist
   122 | Abyss:2  | Noticed a daeva
   123 | D:1      | Escaped the Abyss
   431 | D:1      | Reached XP level 2. HP: 26/26 MP: 3/3
   840 | D:2      | Reached XP level 3. HP: 31/31 MP: 4/4
  1542 | D:3      | Reached * piety under Lugonu
  1848 | D:3      | Reached XP level 4. HP: 38/40 MP: 5/5
  1915 | D:3      | Reached skill level 1 in Maces & Flails
  1920 | D:3      | HP: 1/40 [gnoll/spear (3)]
  1959 | D:3      | Noticed Natasha
  1966 | D:3      | Killed Natasha
  1981 | D:3      | Reached XP level 5. HP: 9/46 MP: 5/7
  2618 | D:3      | Noticed Natasha
  2625 | D:3      | Killed Natasha
  2625 | D:3      | Reached skill level 1 in Dodging
  2782 | D:3      | Found a sparkling altar of Nemelex Xobeh.
  3052 | D:4      | Found a sand-covered staircase.
  3115 | Ossuary  | Entered an ossuary
  3273 | Ossuary  | Reached ** piety under Lugonu
  3645 | Ossuary  | Noticed Menkaure
  3649 | Ossuary  | Killed Menkaure
  3801 | Ossuary  | Reached XP level 6. HP: 32/52 MP: 8/8
  4169 | D:4      | Noticed a water moccasin
  4191 | D:4      | HP: 1/78 [water moccasin (5)]
  4192 | D:4      | Killed a water moccasin
  4606 | D:4      | Reached XP level 7. HP: 53/60 MP: 9/9
  5188 | D:5      | Entered Level 5 of the Dungeon
  5342 | D:5      | Found Replun's Assorted Antiques.
  5409 | D:5      | Found a staircase to the Ecumenical Temple.
  5889 | D:5      | Found an iron altar of Okawaru.
  5890 | D:5      | Found a radiant altar of Vehumet.
  5890 | D:5      | Found an opulent altar of Gozag.
  5892 | D:5      | Found a glowing golden altar of the Shining One.
  5893 | D:5      | Found a hazy altar of Hepliaklqana.
  6111 | D:5      | Reached XP level 8. HP: 34/67 MP: 11/11
  6281 | D:6      | Mangled by an ogre

Skill      XL: |  1  2  3  4  5  6  7 |
---------------+----------------------+-----
Axes           | 2 3 4 |  4.2
Armour         | 2 3 4 |  4.2
Fighting       | 4 |  4.8
Maces & Flails | 1 2 |  2.1
Dodging        | 1 |  1.4
Invocations    | 3 4 |  4.4

Action                   |  1- 3 |  4- 6 |  7- 9 || total
-------------------------+-------+-------+-------++-------
Melee: Hand axe          |    23 |    79 |       ||   102
       Kick              |    14 |    33 |    15 ||    62
       Whip              |    53 |    87 |    20 ||   160
       War axe           |       |       |    45 ||    45
Invok: Depart the Abyss  |     1 |       |       ||     1
  Use: Scroll            |     8 |     7 |       ||    15
       Potion            |     1 |     5 |     1 ||     7
  Eat: Chunk             |     2 |     4 |     3 ||     9
       Ration            |       |     1 |       ||     1
Armor: Scale mail        |    38 |       |       ||    38
       Ring mail         |     8 |    70 |    33 ||   111
       Skin              |       |     3 |       ||     3
Dodge: Dodged            |    28 |    64 |    17 ||   109
